 Dungeon Crawl Stone Soup version 0.28-a0-503-g83f2989fac (webtiles) character file.

Game seed: 11840034545854731013

5621 siradein the Protected (level 10, -1/66 HPs)
             Began as a Gargoyle Fighter on Sept 20, 2021.
             Slain by a two-headed ogre (13 damage)
             ... on level 7 of the Dungeon.
             The game lasted 00:18:33 (9082 turns).

siradein the Protected (Gargoyle Fighter)           Turns: 9082, Time: 00:18:34

Health: -1/66      AC: 22    Str: 22    XL:     10   Next: 73%
Magic:  19/19      EV:  7    Int:  9    God:
Gold:   441        SH:  6    Dex: 10    Spells: 9/9 levels left

rFire   + . .      SeeInvis .   p - +2 whip (elec)
rCold   . . .      Faith    .   c - +0 buckler
rNeg    + . .      Spirit   .   M - +0 plate armour
rPois   ∞          Reflect  .   (no helmet)
rElec   +          Harm     .   (no cloak)
rCorr   .          Rampage  .   (no gloves)
Will    .....                   i - +0 pair of boots
Stlth   ..........              H - amulet of regeneration
HPRegen 1.21/turn               e - ring of protection from fire
MPRegen 0.16/turn               C - ring of magical power

@: no status effects
A: sickness immunity, AC +7, negative energy resistance 1, electricity
resistance, torment resistance 1, petrification resistance
a: no special abilities


You were on level 7 of the Dungeon.
You visited 2 branches of the dungeon, and saw 9 of its levels.

You collected 441 gold pieces.

Inventory:

Hand Weapons
 a - a +1 dire flail of holy wrath
 p - a +2 whip of electrocution (weapon)
Missiles
 D - a curare-tipped dart
 E - 14 poisoned darts (quivered)
Armour
 c - a +0 buckler (worn)
 i - a +0 pair of boots (worn)
 M - a +0 plate armour (worn)
Jewellery
 e - a ring of protection from fire (left hand)
 g - a +6 ring of intelligence
 r - a +6 ring of intelligence
 C - a ring of magical power (right hand)
 H - an amulet of regeneration (around neck)
Wands
 v - a wand of charming (7)
 B - a wand of flame (21)
 G - a wand of paralysis (7)
 J - a wand of acid (11)
 K - a wand of polymorph (10)
Scrolls
 h - 4 scrolls of identify {unknown}
 j - 2 scrolls of amnesia {unknown}
 n - 2 scrolls of silence {unknown}
 o - a scroll of blinking {unknown}
 q - 2 scrolls of noise {unknown}
 s - 2 scrolls of acquirement {unknown}
 u - 2 scrolls of enchant weapon {unknown}
 w - a scroll of enchant armour {unknown}
 y - a scroll of brand weapon {unknown}
 L - a scroll of magic mapping {unknown}
Potions
 b - 3 potions of lignification {unknown}
 d - 3 potions of might
 f - 6 potions of curing {unknown}
 l - a potion of berserk rage {unknown}
 m - a potion of brilliance {unknown}
 t - a potion of ambrosia {unknown}
 x - a potion of haste {unknown}
 z - a potion of heal wounds
 A - a potion of attraction {unknown}
 F - a potion of mutation {unknown}
 I - a potion of cancellation {unknown}


   Skills:
 + Level 9.3 Fighting
 + Level 8.1 Maces & Flails
 + Level 9.3 Armour
 + Level 9.2 Shields


You had 9 spell levels left.
You didn't know any spells.
Your spell library contained the following spells:

 Spells                   Type           Power      Damage    Failure   Level
 Ozocubu's Armour         Ice            0%         N/A       100%        3
 Ozocubu's Refrigeration  Ice            0%         4d5       100%        7


Dungeon Overview and Level Annotations

Branches:
Dungeon (8/15)             Temple (1/1) D:5
   Lair: D:8-11

Altars:
Ashenzari
Dithmenos
Elyvilon
Fedhas
Hepliaklqana
Kikubaaqudgha
Makhleb
Nemelex Xobeh
Qazlal
Ru
Trog
Uskayaw
Vehumet
Wu Jian
Xom
Yredelemnul
Zin
The Shining One

Shops:
D:6 *

Annotations:
D:2 1 runed translucent door, Crazy Yiuf


Innate Abilities, Weirdness & Mutations

You are immune to sickness and miasma.
Your stone body is resilient. (AC +7)
You are immune to poison.
You resist negative energy. (rN+)
You are resistant to electric shocks. (rElec)
You are resistant to unholy torment.
You are immune to petrification.


Message History

A cyclops comes into view.
Found 14 gold pieces.
The cyclops shouts!
The cyclops throws a large rock.
The large rock hits you.
There are monsters nearby!
There are monsters nearby!
There is a large open door here.
There is a large open door here.
Things that are here:
3 large rocks; a cyclops corpse
Things that are here:
a +0 chain mail; a +0 long sword; an orc corpse Throw: 17 darts (poison)
Press: ? - help, Q - select action, (/) - cycle Shift-Dir - straight line, f - two-headed ogre
Aim: a two-headed ogre, wielding the +10 dark maul {vorpal} and a +0 dire flail (75% to hit)
You throw a poisoned dart.
The poisoned dart barely misses the two-headed ogre.
Throw: 16 darts (poison)
Press: ? - help, Q - select action, (/) - cycle Shift-Dir - straight line, f/p - two-headed ogre
Aim: a two-headed ogre, wielding the +10 dark maul {vorpal} and a +0 dire flail (75% to hit)
You throw a poisoned dart.
The poisoned dart hits the two-headed ogre.
Throw: 15 darts (poison)
Press: ? - help, Q - select action, (/) - cycle Shift-Dir - straight line, f/p - two-headed ogre
Aim: a two-headed ogre, wielding the +10 dark maul {vorpal} and a +0 dire flail (75% to hit)
You throw a poisoned dart.
The poisoned dart barely misses the two-headed ogre.
You barely miss the two-headed ogre.
The two-headed ogre hits you with the +10 dark maul {vorpal}!!
The two-headed ogre hits you but does no damage.
There is a stone staircase leading up here.
The two-headed ogre hits you with the +10 dark maul {vorpal}!
The two-headed ogre hits you with a +0 dire flail!
You climb upwards.
There is a stone staircase leading down here.
There is a stone staircase leading up here.
The two-headed ogre hits you with the +10 dark maul {vorpal}!!!
Ouch! That really hurt!
* * * LOW HITPOINT WARNING * * *
You die...

#.#####.###.# #.#.#.###....###.
#.#####.# #.# ##...####.##.#...
#.......# #.# ##.###........#.
#.####### #.# #.....#####.... #.#
#.# #.#####...##### #.#########.#
#.'....._.....' #...........#
#.#####...#####
#.#################.....#####....
..# #######....@...###.......##.
.## #.........O.#### ###........
.# #.#####.###.# ########.#... .#
#.# #.# #.# #...........# .# #.#
#.# #.# #.######.##.. .#
#.#####.###.####.# #.###. .#
#.##...<.........# #..... .#
#.##.##........### #..... .#
#.##.######.##.# #..###


You could see a two-headed ogre.

Vanquished Creatures
  Pikel (D:2)
  2 cyclopes
  2 trolls
  A hornet (D:4)
  Prince Ribbit (D:6)
  A slime creature (D:7)
  Eustachio (D:6)
  A steam dragon (D:7)
  Menkaure (D:4)
  Edmund (D:4)
  A water moccasin (D:7)
  An orc warrior (D:8)
  3 necrophages (D:7)
  2 sky beasts (D:7)
  6 black bears
  An ogre (D:6)
  2 centaurs
  A phantom (D:5)
  A kobold brigand (D:6)
  3 bullfrogs
  4 scorpions
  A wyvern skeleton (D:4)
  5 wights (D:5)
  3 hounds (D:6)
  A bullfrog zombie (D:6)
  A jelly (D:6)
  A centaur skeleton (D:5)
  A gnoll shaman (D:7)
  4 iguanas
  2 orc wizards (D:7)
  8 gnolls
  7 adders
  2 shadow imps (D:7)
  4 white imps
  2 ufetubi
  A worm (D:2)
  4 dart slugs
  8 orcs
  5 ball pythons
  8 bats
  5 endoplasms
  6 giant cockroaches
  4 goblins
  7 hobgoblins
  2 quokkas
  5 frilled lizards
  2 goblin zombies (D:7)
  A hobgoblin zombie (D:7)
  12 kobolds
  3 kobold skeletons (D:7)
  A kobold zombie (D:7)
  An orc skeleton (D:7)
  2 orc zombies (D:7)
  5 rats
161 creatures vanquished.

Vanquished Creatures (others)
  20 plants
20 creatures vanquished.

Grand Total: 181 creatures vanquished

Notes
Turn   | Place    | Note
-------+----------+-------------------------------------------
     0 | D:1      | siradein the Gargoyle Fighter began the quest for the Orb.
     0 | D:1      | Reached XP level 1. HP: 14/14 MP: 1/1
   141 | D:1      | Reached XP level 2. HP: 17/19 MP: 2/2
   261 | D:1      | Found a faded altar of an unknown god.
   659 | D:2      | Reached XP level 3. HP: 18/23 MP: 3/3
  1018 | D:2      | Reached XP level 4. HP: 27/29 MP: 4/4
  1283 | D:2      | Found a runed translucent door.
  1284 | D:2      | Noticed Crazy Yiuf
  1613 | D:3      | Noticed a black bear
  1624 | D:3      | Killed a black bear
  1625 | D:3      | Reached XP level 5. HP: 20/33 MP: 5/5
  1749 | D:3      | Found a radiant altar of Vehumet.
  1897 | D:4      | Noticed a black bear
  1914 | D:4      | Killed a black bear
  1915 | D:4      | Reached XP level 6. HP: 24/39 MP: 6/6
  2161 | D:4      | Found a glowing silver altar of Zin.
  2165 | D:4      | Noticed Pikel
  2169 | D:4      | Noticed Edmund
  3117 | D:2      | Killed Pikel
  3118 | D:2      | Reached skill level 5 in Fighting
  3118 | D:2      | Reached skill level 5 in Armour
  3118 | D:2      | Reached skill level 5 in Shields
  3118 | D:2      | Reached XP level 7. HP: 33/45 MP: 7/7
  3118 | D:2      | Reached XP level 8. HP: 38/51 MP: 8/8
  3220 | D:4      | Killed Edmund
  3344 | D:4      | Found an ancient bone altar of Kikubaaqudgha.
  3345 | D:4      | Noticed Menkaure
  3368 | D:4      | Killed Menkaure
  3369 | D:4      | Reached skill level 5 in Maces & Flails
  3705 | D:4      | Noticed a hornet
  3727 | D:4      | Killed a hornet
  3998 | D:5      | Entered Level 5 of the Dungeon
  3999 | D:5      | Found a bloodstained altar of Trog.
  4169 | D:5      | Found a staircase to the Ecumenical Temple.
  4190 | Temple   | Entered the Ecumenical Temple
  4459 | D:5      | Reached XP level 9. HP: 53/56 MP: 9/9
  5352 | D:6      | Found Foduhuo's Mass Market.
  5455 | D:6      | Noticed Eustachio
  5474 | D:6      | Killed Eustachio
  5946 | D:6      | Noticed a troll
  6526 | D:6      | Noticed Prince Ribbit
  6536 | D:6      | Killed Prince Ribbit
  6752 | D:7      | Found a stormy altar of Qazlal.
  6912 | D:7      | Noticed a cyclops
  6972 | D:6      | HP: 2/59 [bullfrog (4)]
  6988 | D:6      | Reached XP level 10. HP: 34/64 MP: 10/10
  7163 | D:6      | Killed a cyclops
  7740 | D:7      | Noticed a manticore
  8478 | D:7      | Found a glowing golden altar of the Shining One.
  8945 | D:8      | Noticed a cyclops
  8975 | D:8      | Killed a cyclops
  9005 | D:8      | Noticed a two-headed ogre
  9006 | D:8      | Noticed a cyclops
  9082 | D:7      | Slain by a two-headed ogre

Illustrated notes

Levels and vault maps discovered:
D:1:      lightli_arrival_chessboard, layout_rooms,
          shapermc_ecumenical_altar_acropolis, serial_forest,
          infiniplex_forest_straight_2, infiniplex_forest_straight_4,
          infiniplex_forest_lined_room_, infiniplex_forest_clump_diagonal,
          infiniplex_forest_straight_5, infiniplex_forest_clump_curved
D:2:      layout_rooms, st_stairs_5, minmay_surrounded, uniq_crazy_yiuf_cottage
D:3:      layout_rooms, lemuel_tele_altar, serial_bayou, serial_bayou_pond_e,
          serial_bayou_pond_d, serial_bayou_pond_e, serial_bayou_pond_a,
          serial_bayou_pond_d, serial_bayou_pond_e
D:4:      layout_gridville, lemuel_crystal_altar, amcnicky_altar_gilded,
          hangedman_decor_opposing, minmay_cupped, uniq_pikel, uniq_menkaure,
          uniq_edmund
D:5:      layout_rooms, trog_ov_bears_minmay, minmay_temple_entry_slanted,
          kennysheep_boxes
D:6:      layout_basic, minmay_shop_mass, uniq_eustachio, uniq_prince_ribbit1
D:7:      layout_loops_ring, nicolae_tso_besieged_by_evil,
          mainiacjoe_overflow_surrounded_room, minmay_shattered_shrine
D:8:      layout_basic, hellmonk_guarded_unrand_dark_maul
Temple:   minmay_temple_bridge_abc

Skill      XL: |  1  2  3  4  5  6  7  8  9 10 |
---------------+-------------------------------+-----
Armour         | 4 5 6 8 9 |  9.3
Shields        | 4 5 6 8 9 |  9.2
Fighting       | 4 5 6 8 9 |  9.3
Maces & Flails | 3 4 5 7 8 |  8.1

Action                   |  1- 3 |  4- 6 |  7- 9 | 10-12 || total
-------------------------+-------+-------+-------+-------++-------
Melee: Flail             |   147 |   159 |       |       ||   306
       Whip              |       |       |   315 |   148 ||   463
       Dire flail        |       |       |     9 |       ||     9
Throw: Dart              |       |       |       |     3 ||     3
  Use: Potion            |       |       |     1 |       ||     1
Armor: Scale mail        |    18 |       |       |       ||    18
       Chain mail        |    97 |   116 |   174 |    75 ||   462
       Plate armour      |       |       |       |     1 ||     1
Dodge: Dodged            |    78 |    68 |   111 |    46 ||   303
Block: Buckler           |    32 |    37 |    74 |    30 ||   173

Table legend: (Time is in decaauts)
 A = Elapsed time spent in this place.
 B = Non-inter-level travel time spent in this place.
 C = Inter-level travel time spent in this place.
 D = Time resting spent in this place.
 E = Time spent auto-exploring this place.
 F = Levels seen in this place.
 G = Mean time per level.
                   A        B        C        D        E       F      G
               +--------+--------+--------+--------+--------+-----+--------+
         Total |   9075 |   8942 |    133 |   1142 |   5252 |   9 | 1008.3 |
       Dungeon |   8872 |   8739 |    133 |   1142 |   5078 |   8 | 1109.0 |
        Temple |    202 |    202 |      0 |      0 |    174 |   1 |  202.0 |
               +--------+--------+--------+--------+--------+-----+--------+

Top non-repeatable levels by time:
     D:6: 1948 daAuts
     D:7: 1590 daAuts
     D:2: 1392 daAuts
     D:4: 1121 daAuts
     D:5: 996 daAuts
     D:1: 965 daAuts
     D:3: 668 daAuts
  Temple: 202 daAuts
     D:8: 188 daAuts
